 Dungeon Crawl Stone Soup version 0.24.0-13-gcf9b319 (webtiles) character file.

Game seed: 10765103736800184837, levelgen mode: deterministic

249 Fang the Shield-Bearer (level 6, -3/39 HPs)
             Began as a Gargoyle Fighter on Dec 16, 2019.
             Slain by Edmund
             ... wielding a +4 flail of protection
              (5 damage)
             ... on level 4 of the Dungeon.
             The game lasted 00:02:42 (2347 turns).

Fang the Shield-Bearer (Gargoyle Fighter)           Turns: 2347, Time: 00:02:43

Health: -3/39      AC: 11    Str: 22    XL:     6   Next: 12%
Magic:  6/6        EV:  7    Int:  8    God:
Gold:   100        SH:  9    Dex:  9    Spells: 5/5 levels left

rFire    . . .     SeeInvis .   a - +0 war axe
rCold    . . .     Gourm    .   B - +0 shield
rNeg     + + .     Faith    .   b - +0 scale mail
rPois    ∞         Spirit   .   (no helmet)
rElec    +         Reflect  .   (no cloak)
rCorr    .         Harm     .   (no gloves)
MR       .....                  (no boots)
Stlth    +.........             (no amulet)
HPRegen  0.13/turn              k - ring of stealth
MPRegen  0.10/turn              m - ring of positive energy

@: no status effects
A: negative energy resistance 1, electricity resistance, unbreathing,
petrification resistance, rot immunity, AC +4
a: no special abilities


You were on level 4 of the Dungeon.
You were not hungry.

You visited 1 branch of the dungeon, and saw 4 of its levels.

You collected 100 gold pieces.

Inventory:

Hand Weapons
 a - a +0 war axe (weapon)
Armour
 b - a +0 scale mail (worn)
 B - a +0 shield (worn)
Jewellery
 k - a ring of stealth (left hand)
 m - a ring of positive energy (right hand)
Scrolls
 e - 5 scrolls of identify {unknown}
 i - 3 scrolls of fear {unknown}
 j - 2 scrolls of teleportation {unknown}
 n - a scroll of amnesia {unknown}
 q - a scroll of blinking {unknown}
Potions
 d - a potion of might
 g - a potion of invisibility {unknown}
 h - 2 potions of haste {unknown}
 l - a potion of lignification {unknown}
 o - a potion of brilliance {unknown}
 p - a potion of cancellation {unknown}
 r - a potion of resistance {unknown}
 s - a potion of degeneration {unknown}
 t - 2 potions of heal wounds {unknown}
Comestibles
 c - 9 rations


   Skills:
 + Level 4.6 Fighting
 + Level 3.1 Axes
 + Level 4.6 Armour
 + Level 4.6 Shields


You had 5 spell levels left.
You didn't know any spells.
Your spell library contained the following spells:

 Spells                   Type           Power        Failure   Level  Hunger
 Summon Butterflies       Summ           #.......     99%         1    ##.....
 Call Canine Familiar     Summ           #.......     100%        3    ####...
 Summon Ice Beast         Ice/Summ       #.......     100%        4    #####..
 Summon Mana Viper        Hex/Summ       #.......     100%        5    ######.
 Summon Hydra             Summ           #.........   100%        7    #######


Dungeon Overview and Level Annotations

Branches:
Dungeon (4/15)
 Temple: D:4-7

Altars:

Annotations:
D:4 Edmund


Innate Abilities, Weirdness & Mutations

You are resistant to torment.
Your stone body is resilient. (AC +4)
You are immune to poison.
You resist negative energy. (rN+)
You are resistant to electric shocks. (rElec)
You can survive without breathing.
You are immune to petrification.
You are immune to rotting.


Message History

Edmund grinds his teeth, and then sighs.
Edmund hits you with a +4 flail of protection.
* * * LOW HITPOINT WARNING * * *
You block the hound's attack.
The ball python bites you but does no damage.
The ball python constricts you.
You slash Edmund!
Edmund is severely wounded.
You hit the scorpion. You slash the hound! You hit the ball python.
You kill the ball python!
The hound barely misses you.
The scorpion stings you but does no damage.
You block Edmund's attack. The hound bites you but does no damage.
You block the scorpion's attack.
You barely miss Edmund.
Edmund is severely wounded.
You hit the hound. You hit the scorpion but do no damage.
The hound bites you but does no damage.
Edmund hits you with a +4 flail of protection.
You die...

####...###.....
......#.#......
......#........
...............
...............
...............
............... #
.......<.####....
.........@h......
.....##.@s)......
.... #..........
... ............
.. ...........##
. ...###........#
... #.[...#... ..
..?.....##


You could see Edmund, a scorpion and a hound.

Vanquished Creatures
  A hound (D:4)
  A jelly (D:3)
  9 adders
  3 gnolls (D:2)
  A worm (D:3)
  3 dart slugs
  3 leopard geckos
  5 orcs (D:4)
  3 giant cockroaches
  15 goblins
  5 hobgoblins
  A jackal (D:2)
  2 kobolds
  A ball python (D:4)
  6 bats
  3 frilled lizards
  7 rats
69 creatures vanquished.

Notes
Turn   | Place    | Note
-------+----------+-------------------------------------------
     0 | D:1      | Fang the Gargoyle Fighter began the quest for the Orb.
     0 | D:1      | Reached XP level 1. HP: 14/14 MP: 1/1
   254 | D:1      | Reached XP level 2. HP: 18/19 MP: 2/2
   846 | D:2      | Reached XP level 3. HP: 19/24 MP: 3/3
   953 | D:2      | Reached XP level 4. HP: 24/29 MP: 4/4
  1469 | D:2      | Reached XP level 5. HP: 27/33 MP: 5/5
  2328 | D:4      | Noticed Edmund
  2337 | D:4      | Reached XP level 6. HP: 29/39 MP: 6/6
  2345 | D:4      | HP: 1/39 [Edmund/+4 flail of protection (5)]
  2347 | D:4      | Slain by Edmund

Levels and vault maps discovered:
D:1:      wander_arrival_lonely_grave, layout_loops_corners,
          chequers_serial_rivers_room_b, serial_bayou_pond_b,
          chequers_serial_rivers_room_b, nrook_uturn
D:2:      layout_basic, first_ration, kennysheep_generic_room_5
D:3:      layout_loops_ring
D:4:      layout_cave_pools, temple_doors_e, uniq_edmund

Skill      XL: |  1  2  3  4  5 |
---------------+----------------+-----
Axes           | 2 3 |  3.1
Fighting       | 4 |  4.6
Armour         | 4 |  4.6
Shields        | 4 |  4.6

Action                   |  1- 3 |  4- 6 || total
-------------------------+-------+-------++-------
Melee: War axe           |    85 |   149 ||   234
  Eat: Chunk             |       |     5 ||     5
Armor: Scale mail        |    71 |   111 ||   182
Dodge: Dodged            |    36 |    67 ||   103
Block: Shield            |    45 |   117 ||   162
